AoeStats
← Rafaelbdoo

Arena

504934328Analyzed
1v1 RM · 27d ago on Sep 7, 2026· 69m 16s· 2 players
Game mode
Random Map
Map size
Tiny (2 player)
Population
200
Speed
Normal
Resources
Standard
Victory
Conquest
Starting age
Dark Age
Ending age
Imperial Age
RankedLock teamsTeams togetherTeam positionsShared explorationLock speedFull tech treeHidden civsTurbo modeCheats
Victory
Defeat
🇧🇷 Inca · Brazil
811
+44
🇦🇷 Franks · Argentina
830
-41
Rafaelbdoo
10:50 Feudal Age
11:12 Horse Collar
11:20 Double-Bit Axe
12:13 Stone Mining
17:50 Champi Runner
19:25 Gold Mining
22:42 Castle Age
20:50 Gold Mining
21:32 Forging
23:26 Wheelbarrow
22:57 Scale Mail Armor
23:42 Bow Saw
24:15 Gold Shaft Mining
24:50 Iron Casting
26:11 Stone Shaft Mining
26:46 Padded Archer Armor
26:39 Fletching
26:32 Pikeman
26:35 Elite Skirmisher
27:32 Chain Mail Armor
27:49 Leather Archer Armor
29:44 Squires
32:18 Heavy Plow
33:46 Andean Sling
34:06 Bodkin Arrow
34:26 Champi Warrior
34:55 Arson
35:18 Thumb Ring
35:51 Crossbowman
36:22 Loom
36:23 Town Watch
36:32 Town Watch
37:06 Hand Cart
38:01 Herbal Medicine
39:51 Town Patrol
43:19 Imperial Age
41:18 Treadmill Crane
41:50 Masonry
41:37 Murder Holes
42:05 Ballistics
43:56 Fortified Wall
43:38 Guard Tower
46:15 Capped Ram
46:17 Heavy Scorpion
47:21 Conscription
47:38 Hoardings
47:07 Fabric Shields
46:31 Elite Kamayuk
46:45 Sappers
48:39 Blast Furnace
48:10 Plate Mail Armor
47:40 Bracer
48:11 Ring Archer Armor
47:10 Halberdier
48:38 Crop Rotation
48:49 Siege Ram
51:49 Chemistry
50:36 Arrowslits
51:32 Keep
51:20 Siege Engineers
50:48 Arbalester
50:56 Elite Champi Warrior
63:37 Guilds
CARPenter
11:32 Feudal Age
15:18 Double-Bit Axe
16:55 Wheelbarrow
19:02 Castle Age
18:49 Gold Mining
18:49 Arson
21:33 Husbandry
23:31 Bow Saw
26:01 Fervor
25:59 Stone Mining
26:45 Gold Shaft Mining
28:15 Fortified Wall
28:20 Masonry
28:37 Murder Holes
28:19 Pikeman
29:01 Squires
28:48 Gambesons
28:33 Elite Skirmisher
30:08 #83
30:41 Scale Barding Armor
30:47 Forging
30:41 Scale Mail Armor
31:30 Town Watch
32:27 Fletching
32:39 Padded Archer Armor
33:28 Ballistics
34:28 Bodkin Arrow
36:31 Leather Archer Armor
36:53 Town Patrol
37:12 Hand Cart
38:11 Crossbowman
38:28 Light Cavalry
41:00 Iron Casting
40:41 Chain Mail Armor
41:40 Chain Barding Armor
47:29 Imperial Age
49:23 Conscription
51:11 Blast Furnace
52:19 Hoardings
52:06 Conscription
51:47 Chivalry
52:29 Plate Barding Armor
53:07 Plate Mail Armor
53:36 Siege Engineers
54:40 Cavalier
56:04 Arrowslits
56:52 Architecture
57:35 Illumination
60:29 Chemistry
61:49 Man-at-Arms
63:49 Elite Throwing Axeman
Connection lost

Rejoining the realm…

Still unreachable

The connection could not be restored.

Session expired

The server has moved on; the page needs a fresh start.